 Dungeon Crawl Stone Soup version 0.19.5 (webtiles) character file.

5488 Kisielow the Nimble (level 10, -11/124 HPs)
             Began as a Merfolk Transmuter on May 22, 2017.
             Was a Follower of Qazlal.
             Mangled by a hornet (12 damage)
             ... on level 9 of the Dungeon.
             The game lasted 00:19:25 (11433 turns).

Kisielow the Nimble (Merfolk Transmuter)           Turns: 11433, Time: 00:19:26

Health: -11/124    AC:  4    Str: 16    XL:     10   Next: 69%
Magic:  9/13       EV: 20    Int: 15    God:    Qazlal [*.....]
Gold:   300        SH:  2    Dex: 15    Spells: 1 memorised, 10 levels left

rFire  . . .     SeeInvis .       - Unarmed
rCold  . . .     Gourm    .     b - +0 robe
rNeg   . . .     Faith    .     (no shield)
rPois  +         Spirit   .     (no helmet)
rElec  .         Reflect  .     j - +1 cloak
rCorr  +         Harm     .     (no gloves)
MR     +....     Rnd*Rage +     (no boots)
Stlth  .......... Rnd*Tele +    (no amulet)
                                y - ring of protection from magic
                                m - ring of resist corrosion

@: berserking (expiring), lethally poisoned (-11 -> -24), slowed
A: change form in water, swift swim, stealthy swim, berserk 1, poison
resistance, teleportitis 1
a: Renounce Religion


You were on level 9 of the Dungeon.
You worshipped Qazlal.
Qazlal was aware of your devotion.
You were not hungry.

You visited 2 branches of the dungeon, and saw 10 of its levels.

You collected 330 gold pieces.
You spent 30 gold pieces at shops.

Inventory:

Missiles
 a - 127 arrows
Armour
 b - a +0 robe (worn)
 j - a +1 cloak (worn)
Jewellery
 k - an uncursed amulet of faith
 m - a ring of resist corrosion (left hand)
 y - a ring of protection from magic (right hand)
 C - an uncursed ring of positive energy {unknown}
Wands
 i - a wand of heal wounds (3/9)
Scrolls
 e - 2 scrolls of enchant weapon
 r - a scroll of fog
 t - 3 scrolls of remove curse
 z - a scroll of teleportation {unknown}
 B - a scroll of identify
Potions
 f - a potion of haste
 g - 2 potions of cancellation
 h - a potion of flight
 l - a potion of ambrosia
 n - a potion of resistance
 p - a potion of might
 q - a potion of berserk rage
 u - 3 potions of curing
Books
 c - a book of Changes

   Spells                             Type                      Level
   a - Beastly Appendage              Transmutation                1
   b - Sticks to Snakes               Transmutation                2
   c - Spider Form                    Transmutation/Poison         3
   d - Ice Form                       Ice/Transmutation            4
   e - Blade Hands                    Transmutation                5
 s - a book of Geomancy

   Spells                             Type                      Level
   a - Sandblast                      Earth                        1
   b - Passwall                       Transmutation/Earth          2
   c - Stone Arrow                    Conjuration/Earth            3
   d - Petrify                        Transmutation/Earth          4
   e - Lee's Rapid Deconstruction     Earth                        5
Comestibles
 d - 5 bread rations
 o - 11 royal jellies
 w - 6 chunks of flesh
 x - 10 fruits
 A - a meat ration


   Skills:
 * Level 9.1 Fighting
 - Level 12.0 Dodging
 + Level 9.9 Unarmed Combat
 - Level 2.0 Spellcasting
 - Level 6.1 Transmutations


You had 10 spell levels left.
You knew the following spells:

 Your Spells              Type           Power        Failure   Level  Hunger
q - Spider Form           Tmut/Pois      ##........   21%         3    ###....


Dungeon Overview and Level Annotations

Branches:
Dungeon (9/15)             Temple (1/1) D:7
   Lair: D:8-11         Orc: D:9-12

Altars:
Ashenzari
Cheibriados
Dithmenos
Elyvilon
Fedhas
Gozag
Hepliaklqana
Kikubaaqudgha
Makhleb
Nemelex Xobeh
Okawaru
Qazlal
Ru
Sif Muna
Trog
Uskayaw
Vehumet
Xom
Yredelemnul
Zin
The Shining One

Shops:
D:5 *   D:9 !


Innate Abilities, Weirdness & Mutations

You revert to your normal form in water.
You are very nimble and swift while swimming.
You are very stealthy in the water. (Stealth+)
You tend to lose your temper in combat.
Your system is resistant to poisons. (rPois)
You are occasionally teleported next to monsters.


Message History

Qazlal accepts your kill.
You feel sick. The hornet misses you.
You are too berserk!
You are too berserk!
You feel sick. The hornet misses you. x2
You closely miss the hornet.
The hornet is heavily wounded.
You feel sick. The hornet stings you.
* * * LOW HITPOINT WARNING * * *
You are more poisoned.
You miss the hornet.
The hornet is heavily wounded.
You feel sick. The hornet stings you!
* * * LOW HITPOINT WARNING * * *
You feel as though you will be slow longer.
You punch the hornet!
The hornet is severely wounded.
* * * LOW HITPOINT WARNING * * *
You feel sick. The hornet stings you!
You die...

..........................
.......[..................
######.########..........
#.# #..........
#.########..........
########...................
...........................
..........y................
..........@.....###........
.......######...# #....####
....... #...# #....# #
....... #...# #....# #
....... #...# #....# #
....... #...# #....# #
....... #...# #....# #
....... #...# #....# #
#...###....# #


You could see a hornet.

Vanquished Creatures
  The ghost of Nr616 the Cruncher, a novice GrWz of Vehumet (D:8)
  The ghost of Haewatis the Ruffian, a novice DrTm of Hepliaklqana (D:6)
  Prince Ribbit (D:5)
  2 hippogriffs (D:9)
  Menkaure (D:6)
  2 soldier ants (D:8)
  A water moccasin (D:9)
  2 ice beasts (D:8)
  2 orc warriors
  3 ogres
  A black bear (D:8)
  A necrophage (D:6)
  4 phantoms
  A sky beast (D:7)
  2 centaurs
  5 bullfrogs
  A scorpion (D:8)
  6 killer bees (D:9)
  A howler monkey (D:6)
  6 crimson imps
  4 hounds
  2 jellies
  3 centaur skeletons
  2 orc priests (D:5)
  Crazy Yiuf (D:5)
  9 orc wizards
  3 bullfrog skeletons
  An iguana (D:6)
  9 worker ants
  A hound zombie (D:8)
  2 hound skeletons
  4 gnolls (D:3)
  10 adders
  A shadow imp (D:7)
  2 oozes
  An adder skeleton (D:4)
  An adder zombie (D:6)
  3 worms
  A dart slug (D:2)
  7 leopard geckos
  26 orcs
  2 ball pythons (D:1)
  8 giant cockroaches
  16 goblins
  7 hobgoblins
  8 jackals
  7 quokkas
  6 bats
  6 frilled lizards
  A giant cockroach zombie (D:5)
  A goblin zombie (D:7)
  3 hobgoblin zombies (D:7)
  A jackal zombie (D:7)
  10 kobolds
  A kobold zombie (D:7)
  An orc skeleton (D:7)
  An orc zombie (D:7)
  5 rats
  A fungus (D:5)
222 creatures vanquished.

Notes
Turn   | Place    | Note
-------+----------+-------------------------------------------
     0 | D:1      | Kisielow the Merfolk Transmuter began the quest for the Orb.
     0 | D:1      | Reached XP level 1. HP: 15/15 MP: 3/3
    98 | D:1      | Reached XP level 2. HP: 10/21 MP: 5/5
   935 | D:1      | Reached XP level 3. HP: 22/26 MP: 6/6
   940 | D:1      | Learned a level 3 spell: Spider Form
  1889 | D:2      | Reached skill level 5 in Unarmed Combat
  1903 | D:2      | Reached XP level 4. HP: 20/32 MP: 2/7
  2520 | D:2      | HP: 2/48 [poisoned by an adder]
  2528 | D:2      | HP: 1/32 [poisoned by an adder]
  3144 | D:3      | Found a bloodstained altar of Trog.
  3144 | D:3      | Found a shimmering altar of Xom.
  3145 | D:3      | Found a burning altar of Makhleb.
  3145 | D:3      | Found a shattered altar of Ashenzari.
  3213 | D:3      | Reached XP level 5. HP: 37/37 MP: 4/8
  3590 | D:3      | Reached skill level 5 in Transmutations
  4054 | D:4      | Reached skill level 3 in Dodging
  4054 | D:4      | Reached XP level 6. HP: 38/43 MP: 1/9
  4338 | D:4      | Reached skill level 4 in Dodging
  4789 | D:4      | HP: 2/44 [orc/trident (3)]
  4795 | D:4      | HP: 2/44 [orc/trident (2)]
  5037 | D:4      | Reached XP level 7. HP: 41/51 MP: 3/10
  5254 | D:4      | Reached skill level 5 in Dodging
  5467 | D:5      | Entered Level 5 of the Dungeon
  5936 | D:5      | Noticed Prince Ribbit
  5950 | D:5      | Killed Prince Ribbit
  5950 | D:5      | Reached skill level 6 in Dodging
  6190 | D:5      | Reached XP level 8. HP: 56/60 MP: 8/11
  6479 | D:5      | Reached skill level 7 in Dodging
  6548 | D:5      | Found Litz's General Store.
  6841 | D:5      | Found a runed door.
  6846 | D:5      | Noticed Crazy Yiuf
  6853 | D:5      | Killed Crazy Yiuf
  7016 | D:6      | Reached skill level 8 in Dodging
  7141 | D:6      | Found a blossoming altar of Fedhas.
  7411 | D:6      | Reached skill level 5 in Fighting
  7433 | D:6      | Reached skill level 9 in Dodging
  7590 | D:6      | Reached XP level 9. HP: 62/68 MP: 8/12
  7678 | D:6      | Noticed Haewatis's ghost (novice DrTm)
  7768 | D:6      | Killed Haewatis's ghost
  7768 | D:6      | Reached skill level 10 in Dodging
  8357 | D:7      | Noticed Menkaure
  8365 | D:6      | Killed Menkaure
  8487 | D:7      | Gained mutation: Your muscles are strong. (Str +2) [mutagenic meat]
  8488 | D:7      | Gained mutation: Your magical capacity is low. (-10% MP) [mutagenic meat]
  8490 | D:7      | Gained mutation: You are dopey. (Int -2) [mutagenic meat]
  8513 | D:7      | Found a sparkling altar of Nemelex Xobeh.
  8515 | D:7      | Found an ancient bone altar of Kikubaaqudgha.
  8619 | D:7      | Found a staircase to the Ecumenical Temple.
  8675 | Temple   | Entered the Ecumenical Temple
  8874 | Temple   | Became a worshipper of Qazlal Stormbringer
  8976 | D:7      | Found a glowing golden altar of the Shining One.
  9188 | D:7      | Gained mutation: You are agile. (Dex +2) [potion of mutation]
  9188 | D:7      | Gained mutation: You are occasionally teleported next to monsters. [potion of mutation]
  9188 | D:7      | Lost mutation: You are agile. (Dex +2) [potion of mutation]
  9189 | D:7      | Lost mutation: You are dopey. (Int -2) [potion of cure mutation]
  9189 | D:7      | Lost mutation: Your muscles are strong. (Str +2) [potion of cure mutation]
  9189 | D:7      | Lost mutation: Your magical capacity is low. (-10% MP) [potion of cure mutation]
  9280 | D:8      | Reached skill level 11 in Dodging
  9373 | D:8      | Found a blossoming altar of Fedhas.
  9373 | D:8      | Found a deep blue altar of Sif Muna.
  9463 | D:8      | Reached * piety under Qazlal
  9730 | D:8      | Reached XP level 10. HP: 63/79 MP: 9/13
 10051 | D:8      | Reached skill level 12 in Dodging
 10253 | D:8      | Found a basalt altar of Yredelemnul.
 10273 | D:8      | Got a brightly glowing great sword
 10274 | D:8      | Identified the +8 great sword "Wawid" {speed, Dex+3} (You found it on level 8 of the Dungeon)
 10429 | D:8      | Noticed Nr616's ghost (novice GrWz)
 10446 | D:8      | Killed Nr616's ghost
 10510 | D:8      | Found a sacrificial altar of Ru.
 10933 | D:9      | Reached ** piety under Qazlal
 11203 | D:9      | Found Kunuar's Distillery.
 11211 | D:9      | Bought a potion of mutation for 30 gold pieces
 11211 | D:9      | Gained mutation: Your system is resistant to poisons. (rPois) [potion of mutation]
 11211 | D:9      | Gained mutation: You tend to lose your temper in combat. [potion of mutation]
 11432 | D:9      | HP: 2/124 [hornet (17)]
 11433 | D:9      | Mangled by a hornet

Skill      XL: |  1  2  3  4  5  6  7  8  9 10 |
---------------+-------------------------------+-----
Unarmed Combat | 4 5 6 7 8 9 |  9.9
Transmutations | 4 6 |  6.1
Dodging        | 3 4 6 9 11 12 | 12.0
Fighting       | 2 3 5 7 9 |  9.1
Spellcasting   | |  2.0

Action                   |  1- 3 |  4- 6 |  7- 9 | 10-12 || total
-------------------------+-------+-------+-------+-------++-------
Melee: Unarmed           |   133 |   220 |   402 |   158 ||   913
       Punch             |     1 |     2 |     3 |       ||     6
       Headbutt          |       |     2 |       |       ||     2
 Cast: Spider Form       |       |    20 |    47 |    12 ||    79
       Beastly Appendage |       |     2 |       |       ||     2
Invok: Upheaval          |       |       |       |     1 ||     1
 Abil: End Transformatio |       |     1 |       |       ||     1
  Use: Potion            |     2 |     3 |     4 |     3 ||    12
       Scroll            |       |       |    18 |       ||    18
 Stab: Sleeping          |       |     2 |       |       ||     2
  Eat: Chunk             |     3 |    14 |    13 |     3 ||    33
       Meat ration       |       |       |     2 |     1 ||     3
       Pizza             |       |       |     1 |       ||     1
       Beef jerky        |       |       |     1 |       ||     1
Armor: Robe              |    14 |    13 |    12 |     5 ||    44
       Skin              |       |     3 |     3 |     6 ||    12
Dodge: Dodged            |   111 |   199 |   320 |   171 ||   801
Block: Other             |       |       |     1 |    14 ||    15
